[Event "42nd Olympiad Baku 2016 Open"]
[Site "Baku"]
[Date "2016.09.06"]
[Round "5.32"]
[White "Al Sori, Mohamed"]
[Black "Parraga, Alejandro"]
[Result "1-0"]
[ECO "A05"]
[WhiteElo "2036"]
[BlackElo "2173"]
[Annotator ""]
[PlyCount "85"]
[EventDate "2016.??.??"]
[EventType "team-tourn"]
[EventCountry "AZE"]
[SourceTitle "playchess.com"]
[Source "ChessBase"]
[WhiteTeam "Libya"]
[BlackTeam "Bolivia"]
[WhiteTeamCountry "LBY"]
[BlackTeamCountry "BOL"]
[TimeControl "40/5400+30:1800+30"]

1. Nf3 {(00:07)} Nf6 {(00:23)} 2. g3 {(00:13)} d5 {
(00:37)} 3. Bg2 {(00:33)} c6 {(02:06)} 4. d4 {(01:
42)} g6 {(01:26)} 5. O-O {(01:50)} Bg7 {(00:06)} 6. Nbd2 {
(02:03)} O-O {(02:14)} 7. Ne5 {(01:30)} Ng4 {(02:
55)} 8. Ndf3 {(02:56)} Nxe5 {(02:31)} 9. Nxe5 {(00:15)} f6
{(00:40)} 10. Nd3 {(07:22)} Qd6 {(11:31)} 11. Be3 {
(05:49)} Na6 {(06:02)} 12. Qc1 {(11:38)} Bf5 {(09:
36)} 13. Bh6 {(09:48)} e5 {(08:10)} 14. Bxg7 {(03:59)}
Kxg7 {(00:05)} 15. dxe5 {(10:42)} fxe5 {(00:10)} 16. Qe3 {
(04:58)} Rfe8 {(06:01)} 17. h4 {(05:59)} d4 {(11:
29)} 18. Qg5 {(08:54)} Qe7 {(08:10)} 19. e4 {(01:49)} Qxg5
{(13:54)} 20. hxg5 {(00:02)} Bg4 {(00:14)} 21. f3 {
(01:02)} Be6 {(02:34)} 22. Nxe5 {(02:48)} Nb4 {(02:
10)} 23. Rf2 {(02:13)} Nxa2 {(01:02)} 24. Nd3 {(01:57)} b6
{(00:48)} 25. f4 {(03:18)} a5 {(02:50)} 26. f5 {(
00:34)} Bc4 {(01:13)} 27. f6+ {(01:43)} Kf8 {(00:33)} 28.
e5 {(03:41)} Rac8 {(01:24)} 29. Bh3 {(00:28)} Rc7 {
(00:52)} 30. e6 {(00:16)} Bxd3 {(00:19)} 31. cxd3 {
(00:22)} Nb4 {(00:38)} 32. Re1 {(03:27)} Nd5 {(02:
17)} 33. e7+ {(00:16)} Nxe7 {(00:12)} 34. fxe7+ {(00:46)}
Kg7 {(00:08)} 35. Rfe2 {(01:21)} b5 {(00:37)} 36. Bg2 {
(01:00)} c5 {(00:18)} 37. Re6 {(00:01)} c4 {(00:28]
} 38. Bc6 {(00:30)} cxd3 {(01:18)} 39. Bxe8 {(00:59)} d2 {
(00:08)} 40. Rf1 {(00:00)} Rc1 {(00:00)} 41. Ref6 {
(00:12)} d1=Q {(01:50)} 42. Rxd1 {(00:05)} Rxd1+ {(
00:06)} 43. Rf1 {(00:15)} 1-0

[Event "42nd Olympiad Baku 2016 Open"]
[Site "Baku"]
[Date "2016.09.06"]
[Round "5.22"]
[White "Alcid, Allan"]
[Black "Fidow, Kassim Hassan"]
[Result "0-1"]
[ECO "B30"]
[WhiteElo "1750"]
[BlackElo "1567"]
[Annotator ""]
[PlyCount "86"]
[EventDate "2016.??.??"]
[EventType "team-tourn"]
[EventCountry "AZE"]
[SourceTitle "playchess.com"]
[Source "ChessBase"]
[WhiteTeam "PLW"]
[BlackTeam "SOM"]
[BlackTeamCountry "SOM"]
[TimeControl "40/5400+30:1800+30"]

1. e4 {(00:00)} c5 {(00:00)} 2. Nf3 {(00:24)} Nc6 {
(00:00)} 3. Bc4 {(01:03)} e6 {(00:03)} 4. Nc3 {(00:
32)} a6 {(00:11)} 5. O-O {(00:31)} Nf6 {(00:17)} 6. a3 {
(01:01)} Be7 {(00:30)} 7. Ne2 {(00:43)} b5 {(00:29]
} 8. e5 {(00:41)} bxc4 {(00:56)} 9. exf6 {(00:19)} gxf6 {
(00:55)} 10. d4 {(02:13)} cxd3 {(01:17)} 11. cxd3 {
(00:00)} Bb7 {(00:33)} 12. Bf4 {(01:11)} h5 {(00:
18)} 13. Bg3 {(01:53)} f5 {(00:29)} 14. h4 {(01:14)} Rg8 {
(00:19)} 15. Re1 {(01:04)} e5 {(02:43)} 16. Qb3 {(
05:11)} Qc7 {(00:36)} 17. Nc3 {(02:53)} f4 {(02:32)} 18.
Nd5 {(01:13)} Qb8 {(02:38)} 19. Nxe7 {(01:48)} Kxe7 20.
Bxf4 f6 {(07:00)} 21. Bg3 {(02:06)} Qa7 {(01:13)} 22. Kh2
{(03:00)} Rg7 {(02:42)} 23. Rad1 {(01:39)} Rag8 {(
00:33)} 24. Qc3 {(05:38)} Kd8 {(03:21)} 25. Rc1 {(05:37)}
d6 {(11:36)} 26. Qc4 {(06:55)} Kd7 {(03:29)} 27. Re2 {
(11:25)} Ne7 {(04:03)} 28. d4 {(04:12)} Bd5 {(02:
19)} 29. Qa4+ {(01:34)} Bc6 {(01:05)} 30. Qc2 {(01:51)}
cxd4 {(00:49)} 31. Qd2 {(14:30)} Nf5 {(10:53)} 32. Rxc6 {
(00:44)} Nxg3 {(01:14)} 33. Rxd6+ {(03:00)} Kxd6 {(
00:42)} 34. fxg3 {(01:10)} Rxg3 {(00:51)} 35. Qh6 {(00:38]
} Qg7 {(07:03)} 36. Qxg7 {(00:07)} R3xg7 {(00:38)} 37. Ne1
{(01:06)} Kd5 {(00:33)} 38. Nd3 {(00:20)} a5 {(01:
08)} 39. Rc2 {(01:39)} Rg3 {(01:06)} 40. Nc5 {(02:24)}
Rxg2+ {(02:19)} 41. Rxg2 {(00:31)} Rxg2+ 42. Kxg2 Kxc5 {(
01:07)} 43. Kf3 {(00:31)} f5 {(01:26)} 0-1

[Event "42nd Olympiad Baku 2016 Open"]
[Site "Baku"]
[Date "2016.09.06"]
[Round "5.25"]
[White "Al-Hajiri, Bader"]
[Black "Belzo, Krzysztof"]
[Result "0-1"]
[ECO "B35"]
[WhiteElo "2116"]
[BlackElo "2044"]
[Annotator ""]
[PlyCount "122"]
[EventDate "2016.??.??"]
[EventType "team-tourn"]
[EventCountry "AZE"]
[SourceTitle "playchess.com"]
[Source "ChessBase"]
[WhiteTeam "Kuwait"]
[BlackTeam "Channel Islands"]
[WhiteTeamCountry "KUW"]
[BlackTeamCountry "JCI"]
[TimeControl "40/5400+30:1800+30"]

1. e4 {(00:00)} c5 {(00:00)} 2. Nf3 {(00:00)} Nc6 {
(00:00)} 3. d4 {(00:00)} cxd4 {(00:00)} 4. Nxd4 {(
00:05)} g6 {(00:11)} 5. Nc3 {(01:34)} Bg7 {(00:06)} 6. Be3
{(00:04)} Nf6 {(00:08)} 7. Bc4 {(00:23)} O-O {(00:
07)} 8. Bb3 {(00:04)} d6 {(00:21)} 9. f3 {(00:23)} Bd7 {
(00:38)} 10. Qd2 {(00:11)} Nxd4 {(00:32)} 11. Bxd4 {
(00:11)} b5 {(00:04)} 12. O-O-O {(02:28)} a5 {(03:
30)} 13. a4 {(04:13)} b4 {(03:03)} 14. Nd5 {(00:22)} Nxd5
{(00:37)} 15. Bxd5 {(00:19)} Rc8 {(01:30)} 16. Bxg7 {
(03:24)} Kxg7 {(00:02)} 17. b3 {(00:35)} Qc7 {(08:
50)} 18. h4 {(08:02)} Qc3 {(03:36)} 19. Qd4+ {(02:28)} f6
{(03:53)} 20. Rd2 {(00:56)} h6 {(05:51)} 21. Re1 {(
01:53)} Rc7 {(07:00)} 22. Re3 {(07:21)} Qxd4 {(01:35)} 23.
Rxd4 {(00:06)} Rfc8 {(00:47)} 24. Re2 {(00:08)} g5 {
(03:49)} 25. h5 {(03:22)} Rc3 {(03:55)} 26. Kb2 {(
05:12)} R8c7 {(07:33)} 27. Red2 {(01:50)} Be8 {(01:57)}
28. Rc4 {(04:29)} Bxh5 {(02:25)} 29. Rxc7 {(00:02)} Rxc7 {
(00:08)} 30. Rd3 {(00:22)} Bf7 {(04:00)} 31. c3 {(
06:43)} Bxd5 {(23:19)} 32. exd5 {(11:27)} bxc3+ {(00:29)}
33. Rxc3 {(00:06)} Ra7 {(00:22)} 34. Rc8 {(05:48)} f5 {
(00:51)} 35. Kc3 {(09:31)} h5 {(01:26)} 36. Rb8 {(
04:21)} h4 {(00:33)} 37. b4 {(07:34)} Rc7+ {(01:06)} 38.
Kb3 {(01:42)} axb4 {(01:43)} 39. Rxb4 {(01:32)} Kf6 {
(02:06)} 40. a5 {(00:00)} Ke5 {(00:00)} 41. a6 {(
05:00)} Ra7 {(01:18)} 42. Ra4 {(01:12)} Kxd5 {(00:21)} 43.
Kb4 {(00:06)} Kd4 {(11:47)} 44. Kb5+ {(03:03)} Ke3 {
(00:12)} 45. Kb6 {(00:04)} Ra8 {(00:08)} 46. Kb7 {(
00:05)} Rd8 {(00:49)} 47. Kc7 {(13:38)} Rh8 {(11:18)} 48.
a7 {(02:54)} d5 {(11:51)} 49. a8=Q {(03:12)} Rxa8 {
(00:04)} 50. Rxa8 {(00:07)} d4 {(00:32)} 51. Kd7 {(
01:11)} d3 {(01:06)} 52. Kxe7 {(00:26)} d2 {(00:14)} 53.
Ra1 {(03:40)} g4 {(04:47)} 54. fxg4 {(03:03)} fxg4 {
(00:02)} 55. Kf6 {(01:39)} Kf2 {(02:42)} 56. Kf5 {(
06:49)} h3 {(01:02)} 57. g3 {(01:46)} Kxg3 {(00:58)} 58.
Rd1 {(00:29)} h2 {(00:10)} 59. Ke4 {(00:50)} Kh3 {(
00:51)} 60. Kf4 {(00:25)} g3 {(00:25)} 61. Ra1 {(00:36)}
Kg2 {(01:00)} 0-1

[Event "42nd Olympiad Baku 2016 Open"]
[Site "Baku"]
[Date "2016.09.06"]
[Round "5.25"]
[White "Ali, Muhammad Lutfi"]
[Black "Pelletier, Yannick"]
[Result "1/2-1/2"]
[ECO "B13"]
[WhiteElo "2411"]
[BlackElo "2555"]
[Annotator ""]
[PlyCount "138"]
[EventDate "2016.??.??"]
[EventType "team-tourn"]
[EventCountry "AZE"]
[SourceTitle "playchess.com"]
[Source "ChessBase"]
[WhiteTeam "Indonesia"]
[BlackTeam "Switzerland"]
[WhiteTeamCountry "INA"]
[BlackTeamCountry "SUI"]
[TimeControl "40/5400+30:1800+30"]

1. e4 {(00:00)} c6 {(00:00)} 2. d4 {(00:00)} d5 {(
00:00)} 3. exd5 {(00:00)} cxd5 {(00:00)} 4. c3 {(00:22)}
Nc6 {(03:34)} 5. Bd3 {(00:28)} Qc7 {(01:29)} 6. h3 {
(00:18)} Nf6 {(02:01)} 7. Nf3 {(00:34)} g6 {(00:18]
} 8. O-O {(01:00)} Bf5 {(01:07)} 9. Ne5 {(06:33)} Nxe5 {
(13:20)} 10. Bxf5 {(00:09)} gxf5 {(00:03)} 11. Bf4 {
(00:27)} Nfd7 {(01:34)} 12. dxe5 {(00:08)} e6 {(00:
19)} 13. Nd2 {(00:49)} Bg7 {(08:12)} 14. Nf3 {(00:47)} O-O
{(00:31)} 15. Re1 {(07:02)} b5 {(05:50)} 16. Qd2 {(
10:27)} Kh8 {(01:01)} 17. Rad1 {(26:58)} Qb7 {(10:42)} 18.
Qe2 {(06:17)} Rfe8 {(28:43)} 19. Nd4 {(22:03)} a6 {
(01:57)} 20. Qh5 {(00:29)} Nf8 {(01:06)} 21. Bg5 {(
00:28)} Ng6 {(03:36)} 22. f4 {(02:20)} b4 {(03:49)} 23. g4
{(03:42)} Rg8 {(00:16)} 24. gxf5 {(03:57)} Nxf4 {(
03:36)} 25. Qh4 {(04:04)} Bh6 {(05:09)} 26. Qxh6 {(00:45)}
Rxg5+ {(00:03)} 27. Kh1 {(00:11)} Rag8 {(04:41)} 28. Rg1 {
(00:34)} Qe7 {(00:01)} 29. Rxg5 {(00:55)} Qxg5 {(
00:12)} 30. Qxg5 {(00:51)} Rxg5 {(00:02)} 31. Rf1 {(00:30]
} Nd3 {(01:42)} 32. fxe6 {(00:29)} fxe6 {(00:01)} 33. Nxe6
{(00:26)} Rg8 {(01:00)} 34. Rf5 {(01:02)} a5 {(00:
34)} 35. Nc7 {(00:58)} bxc3 {(00:28)} 36. bxc3 {(00:05)}
Rc8 {(00:31)} 37. Nxd5 {(00:45)} Re8 {(00:03)} 38. Nf6 {
(01:34)} Rxe5 {(00:09)} 39. Rf3 {(00:03)} Kg7 {(01:
18)} 40. Nh5+ {(00:00)} Rxh5 {(00:00)} 41. Rxd3 {(01:11)}
Re5 {(05:00)} 42. a3 {(14:55)} Re2 {(03:11)} 43. Rd5 {
(00:19)} Re3 {(03:10)} 44. Kg2 {(01:34)} Rxc3 {(00:
12)} 45. Rxa5 {(00:05)} Kf6 {(10:34)} 46. Ra8 {(01:47)}
Kg7 {(01:02)} 47. Ra4 {(01:05)} h5 {(00:04)} 48. Ra8 {
(00:39)} Rd3 {(00:34)} 49. Ra4 {(03:42)} Rc3 {(02:
22)} 50. Ra8 {(00:30)} Rd3 {(00:05)} 51. a4 {(00:03)} h4 {
(04:42)} 52. a5 {(00:17)} Rg3+ {(00:15)} 53. Kh2 {(
00:12)} Ra3 {(00:05)} 54. a6 {(00:39)} Ra2+ {(00:18)} 55.
Kg1 {(00:09)} Kh7 {(00:07)} 56. Kf1 {(00:25)} Ra3 {
(00:08)} 57. Kg2 {(01:52)} Kg7 {(00:22)} 58. a7 {(
00:09)} Kh7 {(00:17)} 59. Kf2 {(00:10)} Kg7 {(00:05)} 60.
Ke2 {(00:02)} Ra2+ {(00:15)} 61. Kf3 {(00:04)} Ra4 {
(00:04)} 62. Ke3 {(00:22)} Kh7 {(00:06)} 63. Kd3 {(
00:03)} Kg7 {(00:06)} 64. Kc3 {(00:03)} Ra1 {(00:10)} 65.
Kd4 {(00:08)} Ra2 {(00:05)} 66. Ke5 {(00:03)} Ra5+ {
(00:21)} 67. Kf4 {(00:05)} Ra4+ {(00:26)} 68. Kg5 {
(00:03)} Kh7 {(00:13)} 69. Kh5 {(00:03)} Kg7 {(00:
06)} 1/2-1/2

[Event "42nd Olympiad Baku 2016 Open"]
[Site "Baku"]
[Date "2016.09.06"]
[Round "5.35"]
[White "Allam, Mohamed"]
[Black "Maccapani, Massimiliano"]
[Result "1/2-1/2"]
[ECO "A37"]
[WhiteElo "1850"]
[BlackElo "1971"]
[Annotator ""]
[PlyCount "90"]
[EventDate "2016.??.??"]
[EventType "team-tourn"]
[EventCountry "AZE"]
[SourceTitle "playchess.com"]
[Source "ChessBase"]
[WhiteTeam "Palestine"]
[BlackTeam "San Marino"]
[WhiteTeamCountry "PLE"]
[BlackTeamCountry "SMR"]
[TimeControl "40/5400+30:1800+30"]

1. c4 {(00:00)} c5 {(00:00)} 2. Nc3 {(00:00)} Nc6 {
(00:00)} 3. g3 {(00:00)} g6 {(00:00)} 4. Bg2 {(00:
00)} Bg7 {(00:03)} 5. Nf3 {(00:00)} e5 {(00:11)} 6. d3 {
(00:34)} d6 {(00:58)} 7. Bd2 {(00:38)} Nge7 {(00:
54)} 8. a3 {(01:54)} a5 {(01:11)} 9. O-O {(02:16)} O-O {
(00:07)} 10. Ne1 {(02:40)} Be6 {(03:04)} 11. Nd5 {(
03:37)} Rb8 {(16:21)} 12. Rb1 {(11:08)} b6 {(23:08)} 13.
Nc2 {(03:10)} Nd4 {(16:00)} 14. Nxe7+ {(01:54)} Qxe7 {
(00:18)} 15. b4 {(00:40)} axb4 {(00:08)} 16. axb4 {
(00:27)} Qd7 {(00:41)} 17. Re1 {(01:52)} Rfd8 {(08:
01)} 18. Ne3 {(01:42)} Nf5 {(00:12)} 19. Nd5 {(01:11)} Ne7
{(00:05)} 20. Bg5 {(03:02)} Bxd5 {(00:24)} 21. Bxe7 {
(00:22)} Qxe7 {(00:16)} 22. Bxd5 {(00:03)} Rbc8 {(
09:44)} 23. bxc5 {(03:42)} bxc5 {(00:01)} 24. Rb5 {(03:20]
} Rc7 {(00:21)} 25. Qb3 {(00:34)} Bf6 {(03:20)} 26. e4 {
(01:44)} Kg7 {(00:13)} 27. Ra1 {(00:59)} Rdd7 {(01:
10)} 28. Rba5 {(01:47)} Ra7 {(00:58)} 29. Qb6 {(00:31)}
Rxa5 {(00:56)} 30. Rxa5 {(00:07)} Qd8 {(00:16)} 31. Qb5 {
(00:31)} Qe7 {(00:32)} 32. Qa6 {(02:02)} Qd8 {(03:
15)} 33. Qb5 {(03:20)} Qe7 {(01:16)} 34. Qa4 {(01:04)} Qd8
{(03:08)} 35. Bc6 {(01:45)} Rc7 {(00:23)} 36. Bd5 {
(02:40)} Qd7 {(01:28)} 37. Qxd7 {(08:40)} Rxd7 {(
00:01)} 38. Ra6 {(01:05)} Be7 {(00:16)} 39. Kg2 {(02:24)}
Rc7 {(01:29)} 40. h4 {(00:00)} h6 {(00:00)} 41. Kh3 {
(04:30)} Rd7 {(10:57)} 42. Kg4 {(05:09)} h5+ {(05:
03)} 43. Kf3 {(00:05)} Rc7 {(00:33)} 44. Ra8 {(00:16)} Kf6
{(00:50)} 45. Ra6 {(00:11)} Kg7 {(00:05)} 1/2-1/2

[Event "42nd Olympiad Baku 2016 Open"]
[Site "Baku"]
[Date "2016.09.06"]
[Round "5.27"]
[White "Alothman, Abdul Wahab"]
[Black "Mooney, Graham"]
[Result "0-1"]
[ECO "A41"]
[WhiteElo "2056"]
[BlackElo "1840"]
[Annotator ""]
[PlyCount "116"]
[EventDate "2016.??.??"]
[EventType "team-tourn"]
[EventCountry "AZE"]
[SourceTitle "playchess.com"]
[Source "ChessBase"]
[WhiteTeam "Kuwait"]
[BlackTeam "Channel Islands"]
[WhiteTeamCountry "KUW"]
[BlackTeamCountry "JCI"]
[TimeControl "40/5400+30:1800+30"]

1. d4 {(00:00)} d6 {(00:00)} 2. Nf3 {(00:00)} g6 {(
00:06)} 3. Bf4 {(00:06)} Bg7 {(00:30)} 4. e3 {(01:48)} c5
{(01:48)} 5. c3 {(00:49)} cxd4 {(02:07)} 6. exd4 {(
01:17)} Nf6 {(02:25)} 7. Bd3 {(03:10)} O-O {(02:20)} 8.
O-O {(03:40)} a6 {(06:51)} 9. Nbd2 {(08:27)} Re8 {(
02:21)} 10. Re1 {(14:36)} Nc6 {(04:43)} 11. Qc2 {(07:33)}
Bg4 {(04:17)} 12. h3 {(01:05)} Bxf3 {(00:33)} 13. Nxf3 {
(00:16)} Rc8 {(01:20)} 14. Qd2 {(03:27)} Qd7 {(23:
45)} 15. Bh2 {(14:58)} Rcd8 {(01:24)} 16. Rad1 {(03:59)}
e6 {(12:59)} 17. c4 {(06:39)} Ne7 {(09:28)} 18. b4 {
(01:19)} Nc6 {(02:06)} 19. a4 {(01:31)} e5 {(02:14]
} 20. dxe5 {(01:15)} dxe5 {(00:23)} 21. Nxe5 {(02:42)}
Nxe5 {(00:21)} 22. Bxe5 {(03:59)} Qxa4 {(01:36)} 23. Qc3 {
(01:53)} Ne4 {(06:30)} 24. Qa1 {(03:28)} Qxa1 {(00:
50)} 25. Bxa1 {(00:10)} Bxa1 {(00:36)} 26. Bxe4 {(01:15)}
Rxd1 {(00:28)} 27. Rxd1 {(00:12)} Rxe4 {(00:04)} 28. Rxa1
{(00:07)} Rxc4 {(00:05)} 29. Rb1 {(00:43)} f5 {(00:
54)} 30. Kf1 {(02:23)} Kf7 {(00:20)} 31. Ke2 {(00:11)} Kf6
{(02:23)} 32. Kd3 {(00:43)} Rc7 {(00:20)} 33. g3 {(
07:38)} Rd7+ {(01:27)} 34. Ke3 {(01:26)} Ke6 {(00:41)} 35.
g4 {(01:26)} Rc7 {(00:39)} 36. gxf5+ {(00:38)} Kxf5 {
(00:11)} 37. Rb2 {(00:20)} Rc3+ {(01:22)} 38. Kd4 {
(00:28)} Rxh3 {(00:16)} 39. b5 {(00:11)} Rh4+ {(01:
37)} 40. Kc5 {(00:00)} axb5 {(00:00)} 41. Rxb5 {(01:40)}
Rf4 {(01:27)} 42. Rxb7 {(00:18)} h5 {(00:14)} 43. Kd5 {
(00:45)} Kg4 {(00:50)} 44. Rb2 {(02:00)} h4 {(00:
28)} 45. Ke5 {(00:09)} h3 {(00:28)} 46. Rd2 {(00:30)} Rf8
{(00:43)} 47. Rc2 {(03:10)} Kf3 {(01:47)} 48. Rc3+ {
(00:11)} Kxf2 {(01:39)} 49. Rxh3 {(00:11)} g5 {(00:
12)} 50. Rh2+ {(05:55)} Kf3 {(02:16)} 51. Rh1 {(01:04)}
Kg2 {(00:21)} 52. Ra1 {(03:30)} g4 {(00:37)} 53. Ke4 {
(00:23)} g3 {(00:52)} 54. Ke3 {(00:21)} Kh2 {(05:
33)} 55. Ra7 {(00:29)} g2 {(01:20)} 56. Rh7+ {(00:15)} Kg1
{(00:26)} 57. Ke2 {(03:37)} Re8+ {(00:41)} 58. Kd2 {
(01:49)} Re5 {(01:28)} 0-1

[Event "42nd Olympiad Baku 2016 Open"]
[Site "Baku"]
[Date "2016.09.06"]
[Round "5.8"]
[White "Al-Saffar, Araz Basim Mohammed"]
[Black "Liew, Chee-Meng Jimmy"]
[Result "1-0"]
[ECO "D11"]
[WhiteElo "2361"]
[BlackElo "2202"]
[Annotator ""]
[PlyCount "117"]
[EventDate "2016.??.??"]
[EventType "team-tourn"]
[EventCountry "AZE"]
[SourceTitle "playchess.com"]
[Source "ChessBase"]
[WhiteTeam "Iraq"]
[BlackTeam "Malaysia"]
[WhiteTeamCountry "IRQ"]
[BlackTeamCountry "MAS"]
[TimeControl "40/5400+30:1800+30"]

1. d4 {(00:00)} d5 {(00:00)} 2. c4 {(00:14)} c6 {(
00:01)} 3. Nf3 {(00:38)} Nf6 {(00:13)} 4. e3 {(00:23)} a6
{(02:12)} 5. b3 {(01:39)} Bf5 {(02:13)} 6. Be2 {(
08:16)} h6 {(00:55)} 7. O-O {(02:39)} e6 {(00:16)} 8. Bb2
{(00:27)} Nbd7 {(01:44)} 9. Nbd2 {(00:51)} Be7 {(
00:52)} 10. Ne5 {(00:27)} Nxe5 {(06:26)} 11. dxe5 {(05:16]
} Nd7 {(05:03)} 12. Kh1 {(08:29)} O-O {(08:57)} 13. f4 {
(04:23)} f6 {(10:25)} 14. cxd5 {(04:15)} cxd5 {(00:
45)} 15. Bg4 {(01:36)} Bxg4 {(15:19)} 16. Qxg4 {(04:11)}
f5 {(00:15)} 17. Qg6 {(00:38)} Nc5 {(00:29)} 18. b4 {
(02:33)} Nd3 {(01:38)} 19. Qxe6+ {(00:22)} Kh7 {(
08:38)} 20. Bd4 {(01:32)} Bxb4 {(04:23)} 21. Nb3 {(06:59)}
Rc8 {(13:15)} 22. Bb6 {(01:36)} Qh4 {(00:56)} 23. Qxd5 {
(06:33)} Nf2+ {(00:26)} 24. Kg1 {(01:04)} Ne4 {(00:
34)} 25. Nd4 {(02:58)} Nd2 {(03:04)} 26. Rfc1 {(08:26)}
Bc3 {(03:40)} 27. Ne6 {(07:38)} Rfe8 {(06:41)} 28. Qd7 {
(03:34)} Qe7 {(02:38)} 29. Qxe7 {(00:41)} Rxe7 {(
00:01)} 30. Bd4 {(01:42)} Rxe6 {(00:40)} 31. Bxc3 {(01:11]
} Ne4 {(00:08)} 32. Bb2 {(00:29)} Rd8 {(01:02)} 33. Bd4 {
(00:09)} Rd7 {(00:46)} 34. Rc8 {(00:06)} g5 {(00:
33)} 35. fxg5 {(02:12)} hxg5 {(00:03)} 36. Kf1 {(02:32)}
Rh6 {(01:13)} 37. Ke2 {(00:18)} Kg6 {(01:12)} 38. h3 {
(02:28)} Kf7 {(00:51)} 39. Rac1 {(00:03)} Ke6 {(00:
32)} 40. Re8+ {(00:00)} Kd5 {(00:00)} 41. Rcc8 {(01:33)}
g4 {(13:08)} 42. hxg4 {(04:09)} fxg4 {(04:39)} 43. Rg8 {
(03:11)} g3 {(05:43)} 44. Rcd8 {(02:57)} Rxd8 {(01:
49)} 45. Rxd8+ {(00:04)} Ke6 {(04:49)} 46. Kf3 {(00:12)}
Nd2+ {(00:49)} 47. Kxg3 {(00:26)} Rg6+ {(00:23)} 48. Kf2 {
(01:31)} Ne4+ {(00:15)} 49. Ke2 {(01:14)} Ng3+ {(
01:43)} 50. Kf3 {(00:12)} Nf5 {(00:21)} 51. g4 {(00:20)}
Nh4+ {(00:35)} 52. Kg3 {(00:06)} Ke7 {(00:07)} 53. Rb8 {
(00:15)} Nf5+ {(00:40)} 54. Kf4 {(00:04)} Nh6 {(00:
06)} 55. Rxb7+ {(00:08)} Ke8 {(00:09)} 56. g5 {(00:09)}
Nf7 {(00:12)} 57. Kf5 {(00:42)} Rxg5+ {(00:16)} 58. Kf6 {
(00:05)} Rg2 {(00:14)} 59. Re7+ {(00:16)} 1-0

[Event "42nd Olympiad Baku 2016 Open"]
[Site "Baku"]
[Date "2016.09.06"]
[Round "5.14"]
[White "AL-Sayed, Mohammed"]
[Black "Galego, Luis"]
[Result "1/2-1/2"]
[ECO "A53"]
[WhiteElo "2521"]
[BlackElo "2458"]
[Annotator ""]
[PlyCount "42"]
[EventDate "2016.??.??"]
[EventType "team-tourn"]
[EventCountry "AZE"]
[SourceTitle "playchess.com"]
[Source "ChessBase"]
[WhiteTeam "Qatar"]
[BlackTeam "Portugal"]
[WhiteTeamCountry "QAT"]
[BlackTeamCountry "POR"]
[TimeControl "40/5400+30:1800+30"]

1. d4 {(00:00)} Nf6 {(00:09)} 2. c4 {(00:00)} d6 {(
00:28)} 3. Nc3 {(00:14)} Nbd7 {(01:24)} 4. e4 {(00:16)} e5
{(00:07)} 5. Nf3 {(00:20)} Be7 {(00:59)} 6. Be2 {(
00:07)} O-O {(00:23)} 7. O-O {(00:07)} c6 {(01:10)} 8. Qc2
{(00:25)} Re8 {(05:33)} 9. Rd1 {(10:20)} Bf8 {(00:
49)} 10. Rb1 {(08:07)} exd4 {(06:24)} 11. Nxd4 {(00:20)}
Nc5 {(00:45)} 12. Bf3 {(01:20)} a5 {(05:18)} 13. Bf4 {
(06:30)} Nfd7 {(08:32)} 14. b3 {(19:59)} Ne5 {(03:
48)} 15. Be2 {(01:55)} Qf6 {(01:01)} 16. Bg3 {(02:45)} Ng6
{(03:40)} 17. Bf3 {(22:38)} Ne5 {(02:02)} 18. Be2 {
(00:21)} Ng6 {(00:18)} 19. Bf3 {(02:03)} Ne5 {(00:
07)} 20. Be2 {(00:37)} Ng6 {(00:12)} 21. Bf3 Ne5 {(00:30)}
1/2-1/2

[Event "42nd Olympiad Baku 2016 Open"]
[Site "Baku"]
[Date "2016.09.06"]
[Round "5.20"]
[White "Alzaim, Talal"]
[Black "Fekadu, Desalegn Jimma"]
[Result "0-1"]
[ECO "D35"]
[WhiteElo "2259"]
[BlackElo "2104"]
[Annotator ""]
[PlyCount "100"]
[EventDate "2016.??.??"]
[EventType "team-tourn"]
[EventCountry "AZE"]
[SourceTitle "playchess.com"]
[Source "ChessBase"]
[WhiteTeam "Syria"]
[BlackTeam "Ethiopia"]
[WhiteTeamCountry "SYR"]
[BlackTeamCountry "ETH"]
[TimeControl "40/5400+30:1800+30"]

1. d4 {(00:00)} d5 {(00:00)} 2. c4 {(00:00)} e6 {(
00:00)} 3. Nc3 {(00:00)} Nf6 {(00:04)} 4. cxd5 {(00:56)}
exd5 {(00:19)} 5. Bg5 {(00:10)} Be7 {(00:22)} 6. e3 {
(00:06)} O-O {(00:19)} 7. Bd3 {(00:20)} Be6 {(00:
31)} 8. Qc2 {(02:04)} Nbd7 {(00:33)} 9. Nge2 {(03:23)} h6
{(02:39)} 10. Bh4 {(00:38)} c5 {(01:16)} 11. Nf4 {(
02:46)} cxd4 {(01:49)} 12. Nxe6 {(02:06)} fxe6 {(00:10)}
13. exd4 {(00:08)} Qb6 {(01:34)} 14. Rd1 {(00:24)} Kh8 {
(00:25)} 15. Bb5 {(02:22)} Bb4 {(02:33)} 16. Qa4 {(
02:03)} Bxc3+ {(00:49)} 17. bxc3 {(00:02)} Qc7 {(11:25)}
18. O-O {(05:36)} Nb6 {(00:31)} 19. Qc2 {(04:22)} Ne4 {
(00:30)} 20. Rc1 {(09:09)} Rac8 {(00:19)} 21. Bd3 {
(06:36)} Nxc3 {(00:51)} 22. Bg3 {(24:03)} Ne2+ {(
08:38)} 23. Qxe2 {(00:14)} Qxc1 {(00:06)} 24. Qxe6 {(00:
25)} Qg5 {(00:24)} 25. Be5 {(00:17)} Rc6 {(03:59)} 26. Qh3
{(00:22)} Nc4 {(01:47)} 27. f4 {(04:35)} Qe7 {(00:
41)} 28. Bxc4 {(08:37)} dxc4 {(00:27)} 29. f5 {(01:31)}
Qg5 {(03:33)} 30. d5 {(01:44)} Rcc8 {(04:32)} 31. Qc3 {
(06:46)} Rxf5 {(12:58)} 32. Bxg7+ {(00:16)} Kg8 {(
00:19)} 33. Rxf5 {(00:36)} Qxf5 {(00:11)} 34. Bxh6 {(02:
25)} Qg6 {(08:21)} 35. Bc1 {(03:34)} Qd3 {(08:58)} 36. Qe1
{(03:42)} Qxd5 {(05:39)} 37. Qg3+ {(01:02)} Kf7 {(
00:22)} 38. Qf4+ {(00:14)} Ke8 {(03:04)} 39. h3 {(01:08)}
Kd7 {(01:24)} 40. Qg4+ {(00:00)} Qe6 {(00:00)} 41. Qd4+ {
(02:56)} Kc6 {(01:32)} 42. Bf4 {(01:07)} b6 {(00:
39)} 43. a4 {(10:00)} Kb7 {(01:03)} 44. Qc3 {(05:39)} Qe4
{(00:51)} 45. Qg7+ {(01:23)} Ka6 {(03:30)} 46. Bg3 {
(03:39)} c3 {(01:09)} 47. Qd7 {(00:05)} Qc4 {(00:
51)} 48. Bf4 {(04:44)} Rf8 {(01:02)} 49. Bd6 {(01:11)} c2
{(00:56)} 50. Ba3 {(01:32)} Rf1+ {(00:44)} 0-1